 Dungeon Crawl Stone Soup version 0.31-a0-986-g5e6e4ef867 (webtiles) character file.

Game seed: 7622918046161019731

4925 pokeman the Thaumaturge (level 10, -2/84 HPs)
             Began as a Deep Elf Hedge Wizard on Nov 7, 2023.
             Was a Believer of Vehumet.
             Slain by a killer bee (4 damage)
             ... on level 9 of the Dungeon.
             The game lasted 00:22:14 (9724 turns).

pokeman the Thaumaturge (Deep Elf Hedge Wizard)     Turns: 9724, Time: 00:22:15

Health: -2/84      AC: 25    Str:  7    XL:     10   Next: 27%
Magic:  2/29       EV:  2    Int: 24    God:    Vehumet [**....]
Gold:   235        SH:  0    Dex: 14    Spells: 13/35 levels left

rFire   . . .        j - +2 short sword (venom)
rCold   . . .        (no shield)
rNeg    . . .        A - melded +0 acid dragon scales
rPois   +            c - melded +0 hat
rElec   .            (cloak currently unavailable)
rCorr   .            (gloves currently unavailable)
SInv    .            f - melded +0 pair of boots
Will    +....        (no amulet)
Stlth   ++           n - +5 ring of evasion
HPRegen 0.34/turn    (no ring)
MPRegen 0.21/turn

%: no passive effects
@: lethally poisoned (-2 -> -13), tree-form, attractive
A: stationary, stasis, torment immunity, boosted hp
a: Renounce Religion


You were on level 9 of the Dungeon.
You worshipped Vehumet.
Vehumet was pleased with you.
You were a tree.
You visited 2 branches of the dungeon, and saw 10 of its levels.

You collected 532 gold pieces.
You spent 297 gold pieces at shops.

Inventory:

Hand Weapons
 j - a +2 short sword of venom (weapon)
Missiles
 D - 2 throwing nets
Armour
 c - a +0 hat (melded)
 f - a +0 pair of boots (melded)
 v - a +1 ring mail of cold resistance
 A - +0 acid dragon scales (melded)
Jewellery
 n - a +5 ring of evasion (left branch)
 p - an amulet of the acrobat
 u - a ring of see invisible
Wands
 b - a wand of charming (4)
 y - a wand of digging (12)
 B - a wand of flame (51)
Scrolls
 a - 2 scrolls of vulnerability {unknown}
 g - 2 scrolls of poison {unknown}
 i - 2 scrolls of fog {unknown}
 k - 6 scrolls of identify
 m - 6 scrolls of teleportation
 q - 3 scrolls of revelation
 r - a scroll of fear {unknown}
 t - a scroll of enchant weapon {unknown}
 w - 2 scrolls of silence {unknown}
 z - 2 scrolls of immolation {unknown}
 F - a scroll of noise {unknown}
 G - a scroll of brand weapon {unknown}
Potions
 d - a potion of magic
 e - a potion of attraction
 l - 4 potions of might
 o - 3 potions of heal wounds {unknown}
 s - 2 potions of degeneration {unknown}
 x - 2 potions of mutation {unknown}
 C - a potion of invisibility {unknown}
 E - a potion of curing {unknown}
 H - a potion of ambrosia {unknown}
 I - a potion of brilliance {unknown}


   Skills:
 - Level 4.0 Fighting
 + Level 3.3 Armour
 - Level 3.0 Dodging
 - Level 3.0 Stealth
 * Level 13.0 Spellcasting
 + Level 7.3 Conjurations
 - Level 1.1 Summonings
 - Level 1.1 Translocations
 - Level 1.1 Transmutations
 + Level 6.5 Fire Magic
 - Level 1.1 Ice Magic
 - Level 1.3 Air Magic
 - Level 1.1 Poison Magic
 - Level 1.1 Evocations


You had 13 spell levels left.
You knew the following spells:

 Your Spells              Type           Power      Damage    Failure   Level
a - Magic Dart            Conj           100%       1d8       1%          1
b - Mephitic Cloud        Conj/Pois/Air  31%        N/A       3%          3
c - Call Imp              Summ           40%        N/A       3%          2
d - Blink                 Tloc           40%        N/A       3%          2
e - Foxfire               Conj/Fire      100%       2x1d9     1%          1
f - Ignite Poison         Fire/Tmut/Pois 29%        N/A       3%          3
g - Freezing Cloud        Conj/Ice/Air   15%        6-21      28%         5
h - Irradiate             Conj/Tmut      18%        3d17      19%         5

Your spell library contained the following spells:

 Spells                   Type           Power      Damage    Failure   Level
 Searing Ray              Conj           100%       2d8       1%          2
 Slow                     Hex            60%        N/A       3%          1
 Wereblood                Tmut           21%        N/A       3%          2
 Cigotuvi's Dreadful Rot  Necr/Pois/Air  38%        N/A       4%          2
 Ensorcelled Hibernation  Hex/Ice        36%        N/A       4%          2
 Passwall                 Tmut/Erth      15%        N/A       4%          2
 Sublimation of Blood     Necr           15%        N/A       6%          2
 Swiftness                Air            22%        N/A       7%          3
 Petrify                  Tmut/Erth      18%        N/A       30%         4
 Animate Dead             Necr           15%        N/A       36%         4
 Haunt                    Necr/Summ      9%         N/A       100%        7
 Summon Hydra             Summ           10%        N/A       100%        7
 Infestation              Necr           7%         N/A       100%        8


Dungeon Overview and Level Annotations

Branches:
Dungeon (9/15)             Temple (1/1) D:5            Lair (0/5) D:8
    Orc: D:9-12

Altars:
Ashenzari
Dithmenos
Fedhas
Gozag
Hepliaklqana
Kikubaaqudgha
Makhleb
Nemelex Xobeh
Okawaru
Qazlal
Ru
Sif Muna
Uskayaw
Vehumet
Wu Jian
Xom
Yredelemnul
Zin
The Shining One

Shops:
D:5 ?   D:8 *


Message History

The killer bee closely misses you.
The foxfire hits the killer bee!
The killer bee is severely wounded.
The killer bee barely misses you.
Unknown command.
Casting: Foxfire (safe; 1% risk of failure)
Confirm with . or Enter, or press ? or * to list all spells.
You conjure some foxfire!
You feel sick. The killer bee stings you.
You are more poisoned.
The killer bee poisons you!
The killer bee stings you but does no damage.
The foxfire hits the killer bee.
The killer bee is moderately wounded.
You miss the killer bee.
The killer bee is severely wounded.
You feel very sick.
The foxfire hits the killer bee but does no damage.
The killer bee is moderately wounded.
The killer bee stings you!
* * * LOW HITPOINT WARNING * * *
You are lethally poisoned!
The killer bee poisons you! The killer bee stings you.
* * * LOW HITPOINT WARNING * * *
The killer bee stings you.
* * * LOW HITPOINT WARNING * * *
Unknown command.
It was a potion of attraction.
You feel attractive to monsters.
* * * LOW HITPOINT WARNING * * *
You feel very sick. The killer bee completely misses you.
The killer bee barely misses you. The killer bee misses you. x2
It was a potion of lignification.
You turn into a tree.
Your +0 hat melds into your body.
Your +0 pair of boots melds into your body.
Your +0 acid dragon scales melds into your body.
Your roots penetrate the ground.
* * * LOW HITPOINT WARNING * * *
You feel very sick. The killer bee barely misses you.
The killer bee stings you.
You die...

...... .... ....
#####....
..y.#..##........
#..
...)#.y..........
#..
#...K..††.....#
#..##
#!...y..#†###.#
#.#.##
..#...K.#)# #....
#.#..y###y###.###
#.#.#
#.#))y###♣)).....
#...##
#.#)..†.y.....#..
.....#
#.#..#######..#
##.#.###.#)y# ..#
...#^..)))..# ...
#..######..## ##.
#..# .).... #..#
#...#### #..#
#...#


You could see 2 killer bees.

Vanquished Creatures
  Maggie (D:6)
  A komodo dragon (D:8)
  A wraith (D:6)
  A basilisk (D:8)
  Eustachio (D:5)
  An acid dragon (D:8)
  3 water moccasins
  An orc warrior (D:7)
  2 sky beasts
  2 ogres
  4 centaurs
  2 kobold brigands
  A phantom (D:5)
  A bullfrog (D:7)
  2 gnoll sergeants
  A scorpion (D:4)
  9 wights
  9 killer bees (D:9)
  4 howler monkeys
  4 crimson imps (D:8)
  5 jellies
  3 hounds
  2 orc priests
  A gnoll bouda (D:9)
  4 iguanas
  Terence (D:2)
  7 orc wizards
  A sleepcap (D:4)
  29 gnolls
  4 adders
  3 shadow imps
  2 ufetubi (D:6)
  2 worms (D:2)
  The ghost of croobank the Sneak, a weakling DgDe (D:6)
  3 dart slugs
  20 orcs
  12 endoplasms
  4 giant cockroaches
  4 goblins
  5 hobgoblins
  9 jackals
  12 ball pythons
  3 bats
  3 frilled lizards
  18 kobolds
  4 rats
213 creatures vanquished.

Vanquished Creatures (collateral kills)
  A killer bee (D:9)
  A gnoll (D:3)
  A hobgoblin (D:3)
3 creatures vanquished.

Vanquished Creatures (others)
  167 foxfires
167 creatures vanquished.

Grand Total: 383 creatures vanquished

Notes
Turn   | Place    | Note
-------+----------+-------------------------------------------
     0 | D:1      | pokeman the Deep Elf Hedge Wizard began the quest for the
                  | Orb.
     0 | D:1      | Reached XP level 1. HP: 10/10 MP: 7/7
   322 | D:1      | Reached XP level 2. HP: 15/15 MP: 6/9
   935 | D:2      | Reached skill level 5 in Spellcasting
  1042 | D:2      | Reached XP level 3. HP: 20/20 MP: 2/11
  1046 | D:2      | Learned a level 3 spell: Mephitic Cloud
  1049 | D:2      | Learned a level 2 spell: Call Imp
  1052 | D:2      | Learned a level 2 spell: Blink
  1056 | D:2      | Learned a level 3 spell: Ignite Poison
  1486 | D:2      | Noticed Terence
  1495 | D:2      | Killed Terence
  1496 | D:2      | Reached skill level 1 in Fighting
  1496 | D:2      | Reached skill level 1 in Armour
  1528 | D:2      | Reached XP level 4. HP: 19/25 MP: 5/13
  2837 | D:3      | Found a sacrificial altar of Ru.
  2891 | D:3      | Reached skill level 6 in Spellcasting
  2891 | D:3      | Reached XP level 5. HP: 5/29 MP: 9/15
  3307 | D:3      | Reached skill level 1 in Transmutations
  3307 | D:3      | Reached skill level 1 in Fire Magic
  3307 | D:3      | Reached skill level 1 in Poison Magic
  3307 | D:3      | Reached XP level 6. HP: 34/34 MP: 2/17
  3373 | D:3      | Reached skill level 1 in Air Magic
  3420 | D:3      | Reached skill level 7 in Spellcasting
  3836 | D:4      | Reached XP level 7. HP: 39/39 MP: 12/19
  4279 | D:4      | Reached skill level 8 in Spellcasting
  4508 | D:5      | Entered Level 5 of the Dungeon
  4761 | D:5      | Found a basalt altar of Yredelemnul.
  4764 | D:5      | Found an iron altar of Okawaru.
  4768 | D:5      | Found an opulent altar of Gozag.
  4796 | D:5      | Reached XP level 8. HP: 44/44 MP: 9/22
  5038 | D:5      | Noticed Eustachio
  5095 | D:5      | Killed Eustachio
  5096 | D:5      | Reached skill level 9 in Spellcasting
  5413 | D:5      | Reached skill level 5 in Conjurations
  5775 | D:5      | Found Zozaikir's Magic Scroll Shop.
  5794 | D:5      | Bought a scroll of revelation for 82 gold pieces
  5794 | D:5      | Bought a scroll of teleportation for 33 gold pieces
  5794 | D:5      | Bought a scroll of identify for 22 gold pieces
  5801 | D:5      | Found a staircase to the Ecumenical Temple.
  6041 | Temple   | Entered the Ecumenical Temple
  6047 | Temple   | Became a worshipper of Vehumet
  6139 | D:6      | Found a transporter.
  6145 | D:6      | Found a transporter.
  6146 | D:6      | Noticed croobank's ghost (weakling DgDe)
  6160 | D:6      | Reached skill level 10 in Spellcasting
  6537 | D:6      | Noticed Maggie
  6560 | D:6      | Killed Maggie
  6561 | D:6      | Reached XP level 9. HP: 36/49 MP: 16/25
  6865 | D:6      | Killed croobank's ghost
  6868 | D:6      | Reached skill level 5 in Fire Magic
  6870 | D:6      | Reached skill level 11 in Spellcasting
  6990 | D:7      | Reached * piety under Vehumet
  6990 | D:7      | Offered knowledge of Foxfire by Vehumet.
  6993 | D:7      | Learned a level 1 spell: Foxfire
  6999 | D:7      | Learned a level 5 spell: Freezing Cloud
  7448 | D:7      | Reached skill level 1 in Ice Magic
  7943 | D:7      | Reached skill level 1 in Evocations
  8313 | D:8      | Found Zoeryq's CLEARANCE SALE!.
  8318 | D:8      | Bought a potion of might for 20 gold pieces
  8318 | D:8      | Bought a book of Alchemy for 140 gold pieces
  8324 | D:8      | Learned a level 5 spell: Irradiate
  8423 | D:8      | Found a shimmering altar of Xom.
  8441 | D:8      | Reached skill level 12 in Spellcasting
  8645 | D:8      | Found a staircase to the Lair.
  8646 | D:8      | Noticed a komodo dragon
  8653 | D:8      | Killed a komodo dragon
  8984 | D:8      | Reached XP level 10. HP: 54/56 MP: 22/28
  9660 | D:9      | Reached ** piety under Vehumet
  9660 | D:9      | Offered knowledge of Searing Ray by Vehumet.
  9711 | D:9      | Reached skill level 13 in Spellcasting
  9724 | D:9      | HP: 2/84 [poisoned by a killer bee]
  9724 | D:9      | Slain by a killer bee

Illustrated notes

Levels and vault maps discovered:
D:1:      minmay_arrival_four_loops, layout_rooms, grunt_decor_cap,
          patterned_corridor
D:2:      layout_loops_cross, minmay_misc_feat_room, minmay_misc_feat_x,
          minmay_joined_circles, uniq_terence
D:3:      layout_basic, nicolae_ru_awakened_eye, minmay_fountain_box
D:4:      layout_rooms
D:5:      layout_basic, grunt_temple_overflow_diamond,
          minmay_temple_entry_from_below_a, serial_shops, shop, uniq_eustachio
D:6:      layout_gridville, gammafunk_ghost_arena, uniq_maggie
D:7:      layout_gridville
D:8:      layout_loops_corners, led_xom_imps, david_lair_shrubbed,
          nicolae_shop_clearance
D:9:      layout_loops_ring, serial_bayou, serial_bayou_crossing,
          serial_bayou_pond_d, serial_bayou_pond_d, serial_bayou_ford_a,
          serial_shops, nicolae_shop_overgrown_old_shop
Temple:   eino_narrow_crystal_temple

Skill      XL: |  1  2  3  4  5  6  7  8  9 10 |
---------------+-------------------------------+-----
Spellcasting   | 5 6 7 8 10 12 13 | 13.0
Fighting       | 1 2 3 4 |  4.0
Armour         | 1 2 3 |  3.3
Conjurations   | 2 3 4 5 7 |  7.3
Stealth        | 3 |  3.0
Dodging        | 3 |  3.0
Transmutations | 1 |  1.1
Fire Magic     | 1 3 4 6 |  6.5
Poison Magic   | 1 |  1.1
Air Magic      | 1 |  1.3
Ice Magic      | 1 |  1.1
Evocations     | 1 |  1.1
Summonings     | |  1.1
Translocations | |  1.1

Action                     |  1- 3 |  4- 6 |  7- 9 | 10-12 || total
---------------------------+-------+-------+-------+-------++-------
  Melee: Short sword       |    15 |    34 |    93 |    34 ||   176
         War axe           |     6 |       |       |       ||     6
         Punch             |     1 |       |     4 |     1 ||     6
   Cast: Magic Dart        |    79 |    79 |   101 |       ||   259
         Mephitic Cloud    |     2 |     9 |    41 |     7 ||    59
         Call Imp          |       |     4 |     1 |       ||     5
         Ignite Poison     |       |     3 |    22 |       ||    25
         Foxfire           |       |       |    45 |    49 ||    94
         Freezing Cloud    |       |       |     4 |       ||     4
         Blink             |       |       |     2 |     1 ||     3
  Evoke: Wand              |       |       |     2 |       ||     2
    Use: Potion            |       |       |       |     2 ||     2
   Stab: Confused          |     2 |     3 |     8 |     4 ||    17
         Sleeping          |       |     2 |     1 |       ||     3
 Armour: Robe              |    10 |    13 |    13 |       ||    36
         Acid dragon scale |       |       |    16 |    26 ||    42
         Skin              |       |       |       |     1 ||     1
  Dodge: Dodged            |    15 |    42 |    82 |    43 ||   182

Table legend: (Time is in decaauts)
 A = Elapsed time spent in this place.
 B = Non-inter-level travel time spent in this place.
 C = Inter-level travel time spent in this place.
 D = Time resting spent in this place.
 E = Time spent auto-exploring this place.
 F = Levels seen in this place.
 G = Mean time per level.
                   A        B        C        D        E       F      G
               +--------+--------+--------+--------+--------+-----+--------+
         Total |   9725 |   9442 |    283 |    182 |   7762 |  10 |  972.5 |
       Dungeon |   9713 |   9430 |    283 |    182 |   7762 |   9 | 1079.2 |
        Temple |     12 |     12 |      0 |      0 |      0 |   1 |   12.0 |
               +--------+--------+--------+--------+--------+-----+--------+

Top non-repeatable levels by time:
     D:3: 1624 daAuts
     D:5: 1501 daAuts
     D:7: 1388 daAuts
     D:2: 1336 daAuts
     D:8: 1156 daAuts
     D:6: 946 daAuts
     D:1: 856 daAuts
     D:4: 691 daAuts
     D:9: 211 daAuts
  Temple: 12 daAuts
